Map: Deathaura LE

Players

Nice - Winner!

  • Race: Protoss Protoss
  • Spawn Location: 5:00

Has

  • Race: Protoss Protoss
  • Spawn Location: 11:00

Event: DreamHack SC2 Masters 2020 Fall

VOD

Have the link to the VOD?

Description

Time

  • Played on: Aug. 30, 2020, 9:16 a.m.
  • Length: 6:28

All games in this series

Show
View Real Time Build Order
Export as new Build Order

Nice Protoss - Winner!

Build Orders:  

Get SALT Encoding   

  12  0:00  Probe  
  13  0:12  Probe  
  14  0:19  Pylon  
  14  0:24  Probe (Chrono Boost)  
  15  0:37  Probe (Chrono Boost)  
  15  0:39  Gateway  
  16  0:46  Probe (Chrono Boost)  
  16  0:48  Assimilator  
  17  0:52  Probe  
  17  0:56  Assimilator  
  19  1:04  Probe (Chrono Boost)  
  19  1:09  Gateway  
  19  1:15  Probe (Chrono Boost)  
  20  1:20  Probe (Chrono Boost)  
  21  1:26  Cybernetics Core  
  21  1:30  Probe  
  22  1:36  Pylon  
  22  1:42  Probe  
  23  2:00  Warp Gate (Chrono Boost)  
  23  2:02  Stalker x2  
  23  2:06  Pylon  
  27  2:26  Robotics Facility  
  27  2:32  Adept x2  
  31  2:40  Gateway  
  31  2:51  Pylon  
  31  3:00  Gateway  
  31  3:08  Sentry  
  31  3:11  Warp Prism (Chrono Boost)  
  35  3:31  Pylon  
  35  3:47  Sentry, Stalker x2  
  41  4:13  Stalker x4  
  41  4:15  Observer (Chrono Boost)  
  44  4:41  Stalker x2  
  44  4:42  Stalker  
  50  4:46  Stalker  
  44  5:08  Stalker x3  
  44  5:09  Zealot  
  52  5:25  Pylon  
  50  5:36  Observer, Stalker x2  
  54  5:48  Stalker  
  54  5:49  Stalker  
  56  5:57  Pylon  
Show
View Real Time Build Order
Export as new Build Order

Has Protoss 

Build Orders: Nexus First 

Get SALT Encoding   

  12  0:00  Probe  
  13  0:12  Probe  
  14  0:17  Pylon  
  14  0:24  Probe (Chrono Boost)  
  16  0:36  Probe (Chrono Boost)  
  16  0:43  Probe (Chrono Boost)  
  17  0:57  Nexus  
  17  1:07  Gateway  
  18  1:11  Probe  
  18  1:17  Assimilator  
  18  1:22  Assimilator  
  18  1:25  Probe  
  19  1:36  Gateway  
  19  1:38  Probe  
  20  1:51  Probe  
  21  1:54  Cybernetics Core  
  21  2:05  Probe (Chrono Boost)  
  22  2:10  Probe (Chrono Boost)  
  24  2:19  Probe (Chrono Boost)  
  24  2:20  Probe (Chrono Boost)  
  25  2:27  Probe  
  25  2:29  Stalker x2 (Chrono Boost)  
  27  2:31  Warp Gate (Chrono Boost)  
  27  2:36  Probe  
  31  2:42  Shield Battery  
  32  2:51  Stalker  
  32  2:55  Stalker  
  36  2:58  Probe  
  36  3:04  Pylon  
  36  3:15  Stargate  
  36  3:22  Gateway  
  38  3:27  Stalker  
  38  3:31  Stalker  
  40  3:36  Pylon  
  40  3:48  Pylon  
  37  3:56  Void Ray (Chrono Boost)  
  41  4:13  Zealot x2  
  41  4:15  Probe x2  
  39  4:40  Zealot  
  39  4:41  Zealot  
  37  4:53  Stalker  
  37  4:54  Probe x2  
  42  5:12  Zealot  
  42  5:13  Zealot  
  45  5:16  Shield Battery  
  45  5:18  Pylon  
  45  5:19  Stalker  
  43  5:36  Stalker  
  43  5:38  Stalker  
  45  5:49  Shield Battery, Probe x2  
  41  5:54  Stalker  

Tags
 
Add a new tag
Caveats
  • Supply blocks, unpowered buildings, or Contaminate may cause inaccurate times.
  • Supply counts are checked every 10 seconds.